 Dungeon Crawl Stone Soup version 0.31-a0-1529-g7bd419a0e5 (webtiles) character file.

Game seed: 14927332371609164606

267 Fodor the Chopper (level 6, 0/54 (55) HPs)
             Began as a Minotaur Fighter on Jan 1, 2024.
             Succumbed to Crazy Yiuf's poison
             ... on level 4 of the Dungeon.
             The game lasted 00:15:14 (2829 turns).

Fodor the Chopper (Minotaur Fighter)                Turns: 2829, Time: 00:15:15

HP:   0/54 (55)     AC: 10    Str: 23    XL:     6   Next: 0%
MP:   4/5           EV: 11    Int:  5    God:
Gold: 234           SH:  4    Dex:  9    Spells: 5/5 levels left

rFire   + . .        a - +0 war axe
rCold   x . .        c - +0 buckler
rNeg    . . .        i - +3 ring mail
rPois   .            (helmet restricted)
rElec   .            (no cloak)
rCorr   .            (no gloves)
SInv    .            g - +0 pair of boots
Will    .....        (no amulet) Stlth
                     p - ring of fire
HPRegen 0.29/turn    (no ring)
MPRegen 0.09/turn

%: no passive effects
@: lethally poisoned (0 -> -18), hasted, lightly drained, very quick
A: horns 2, retaliatory headbutt, hooves 1, wild magic 1
a: no special abilities


You were on level 4 of the Dungeon.
You visited 1 branch of the dungeon, and saw 4 of its levels.

You collected 234 gold pieces.

Inventory:

Hand Weapons
 a - a +0 war axe (weapon)
 n - a +0 arbalest
Armour
 c - a +0 buckler (worn)
 g - a +0 pair of boots (worn)
 i - a +3 ring mail (worn)
Jewellery
 j - an amulet of faith
 p - a ring of fire (left hand)
Scrolls
 b - a scroll of identify {unknown}
 e - a scroll of enchant armour {unknown}
 f - 2 scrolls of fog {unknown}
 r - a scroll of blinking {unknown}
 s - a scroll of teleportation {unknown}
 u - a scroll of summoning {unknown}
 v - a scroll of fear {unknown}
Potions
 d - a potion of might
 h - a potion of curing {unknown}
 k - a potion of degeneration {unknown}
 m - a potion of mutation
 o - a potion of ambrosia {unknown}
 q - 2 potions of attraction {unknown}
 t - 2 potions of enlightenment {unknown}


   Skills:
 + Level 4.8 Fighting
 + Level 5.1 Axes
 + Level 4.6 Armour
 + Level 2.2 Dodging
 + Level 4.2 Shields


You had 5 spell levels left.
You didn't know any spells.
Your spell library contained the following spells:

 Spells                   Type           Power      Damage    Failure   Level
 Apportation              Tloc           0%         N/A       77%         1
 Necrotise                Necr           0%         1d4       77%         1
 Sting                    Conj/Alch      0%         1d3       77%         1
 Summon Small Mammal      Summ           0%         N/A       77%         1
 Fugue of the Fallen      Necr           0%         N/A       98%         3
 Hailstorm                Conj/Ice       0%         3d5       98%         3
 Ozocubu's Armour         Ice            0%         N/A       98%         3
 Summon Ice Beast         Ice/Summ       0%         N/A       98%         3
 Manifold Assault         Tloc           0%         N/A       100%        4
 Sculpt Simulacrum        Ice/Alch       0%         N/A       100%        6


Dungeon Overview and Level Annotations

Branches:
Dungeon (4/15)
 Temple: D:4-7

Altars:

Shops:
D:1 [

Annotations:
D:4 Crazy Yiuf


Innate Abilities, Weirdness & Mutations

You have a pair of horns on your head.
You reflexively headbutt those who attack you in melee.
You have large cloven feet.
Your spells are a little harder to cast, but a little more powerful.


Message History

Crazy Yiuf hits you with a +2 quarterstaff of chaos.
You feel drained.
You hit Crazy Yiuf.
Crazy Yiuf is moderately wounded.
You feel sick. Crazy Yiuf barely misses you.
You hit Crazy Yiuf. Your headbutt misses Crazy Yiuf.
Crazy Yiuf is heavily wounded.
You feel sick.
Crazy Yiuf hits you with a +2 quarterstaff of chaos.
Crazy Yiuf hits you with a +2 quarterstaff of chaos!
You are more poisoned.
You barely miss Crazy Yiuf.
Crazy Yiuf is heavily wounded.
You feel very sick.
Crazy Yiuf hits you with a +2 quarterstaff of chaos.
You feel your power leaking away.
You hit Crazy Yiuf but do no damage.
Crazy Yiuf is heavily wounded.
You feel very sick. You block Crazy Yiuf's attack.
You hit Crazy Yiuf but do no damage.
Crazy Yiuf is heavily wounded.
You feel very sick.
Crazy Yiuf cries, "Defame!
Tosser alas alas."
You block Crazy Yiuf's attack.
You closely miss Crazy Yiuf.
Crazy Yiuf is heavily wounded.
You feel sick.
Crazy Yiuf hits you with a +2 quarterstaff of chaos!
* * * LOW HITPOINT WARNING * * *
You are lethally poisoned!
You block Crazy Yiuf's attack.
It was a potion of mutation.
You feel extremely strange.
You feel less in control of your magic.
Your feet thicken and deform.
* * * LOW HITPOINT WARNING * * *
You feel very sick.
Crazy Yiuf grits, "Hah!"
Crazy Yiuf barely misses you.
It was a potion of haste.
You feel yourself speed up.
You die...

####♣♣ ### . ###)#.P♣♣
♣♣#)))# <
#.....PP♣♣♣♣@g)).#
.####.#...P.)♣))♣#)))#
......###..)♣)♣♣♣ ###
...##...##♣♣♣♣♣
##.###### #.# ### #.#
#######.### #.#
#.........# ##.#
#.........#


You could see Crazy Yiuf.

Vanquished Creatures
  An orc priest (D:4)
  A sleepcap (D:4)
  An orc wizard (D:3)
  4 gnolls
  5 adders
  3 dart slugs
  2 ribbon worms
  9 orcs
  7 bats
  An endoplasm (D:2)
  5 giant cockroaches
  6 goblins
  5 hobgoblins
  4 jackals (D:3)
  4 kobolds
  4 quokkas
  11 ball pythons
  4 frilled lizards
  10 rats
87 creatures vanquished.

Notes
Turn   | Place    | Note
-------+----------+-------------------------------------------
     0 | D:1      | Fodor the Minotaur Fighter began the quest for the Orb.
     0 | D:1      | Reached XP level 1. HP: 19/19 MP: 0/0
   175 | D:1      | Reached XP level 2. HP: 22/27 MP: 1/1
   723 | D:1      | Reached XP level 3. HP: 33/33 MP: 2/2
   763 | D:1      | Found a faded altar of an unknown god.
   925 | D:1      | Found Kirhaimp's Antique Armour Shoppe.
  1050 | D:2      | Reached skill level 3 in Axes
  1240 | D:2      | Reached XP level 4. HP: 35/41 MP: 3/3
  1551 | D:3      | Reached skill level 4 in Axes
  1856 | D:3      | Reached skill level 1 in Dodging
  1912 | D:3      | Reached XP level 5. HP: 47/47 MP: 4/4
  2802 | D:4      | Reached skill level 5 in Axes
  2802 | D:4      | Reached XP level 6. HP: 45/55 MP: 5/5
  2815 | D:4      | Found a runed translucent door.
  2816 | D:4      | Noticed Crazy Yiuf
  2828 | D:4      | Gained mutation: Your spells are a little harder to cast,
                  | but a little more powerful. [potion of mutation]
  2828 | D:4      | Gained mutation: You have large cloven feet. [potion of
                  | mutation]
  2829 | D:4      | Succumbed to Crazy Yiuf's poison

Illustrated notes

Levels and vault maps discovered:
D:1:      dpeg_arrival_water_temple_mockup, layout_basic,
          shapermc_ecumenical_altar_mp_highgroup, serial_shops,
          nicolae_shop_tiny_statue_garden, nicolae_houndstooth_variations
D:2:      layout_rooms, serial_rivers, chequers_serial_rivers_micro_d,
          chequers_serial_rivers_small_b, chequers_serial_rivers_room_a,
          chequers_serial_rivers_small_b, chequers_serial_rivers_small_b,
          chequers_serial_rivers_large_a, minmay_tetromino_s4
D:3:      layout_loops_corners
D:4:      layout_loops_ring, grunt_temple_overflow_growth_and_decay,
          minmay_temple_entry_ruins, uniq_crazy_yiuf_cottage

Skill      XL: |  1  2  3  4  5 |
---------------+----------------+-----
Fighting       | 4 |  4.8
Armour         | 4 |  4.6
Shields        | 4 |  4.2
Axes           | 3 4 5 |  5.1
Dodging        | 1 2 |  2.2

Action                     |  1- 3 |  4- 6 || total
---------------------------+-------+-------++-------
  Melee: War axe           |    89 |   110 ||   199
         Headbutt          |    11 |    12 ||    23
    Use: Potion            |       |     2 ||     2
 Armour: Scale mail        |    25 |       ||    25
         Ring mail         |    59 |    60 ||   119
  Dodge: Dodged            |    66 |    60 ||   126
  Block: Buckler           |    26 |    19 ||    45

Table legend: (Time is in decaauts)
 A = Elapsed time spent in this place.
 B = Non-inter-level travel time spent in this place.
 C = Inter-level travel time spent in this place.
 D = Time resting spent in this place.
 E = Time spent auto-exploring this place.
 F = Levels seen in this place.
 G = Mean time per level.
                   A        B        C        D        E       F      G
               +--------+--------+--------+--------+--------+-----+--------+
         Total |   2919 |   2867 |     52 |     34 |      0 |   4 |  729.8 |
       Dungeon |   2919 |   2867 |     52 |     34 |      0 |   4 |  729.8 |
               +--------+--------+--------+--------+--------+-----+--------+

Top non-repeatable levels by time:
     D:3: 1062 daAuts
     D:1: 1010 daAuts
     D:2: 567 daAuts
     D:4: 280 daAuts
